 Dungeon Crawl Stone Soup version 0.23-a0-643-g9ccc95a (webtiles) character file.

840 Borgoz the Skirmisher (level 8, 0/68 HPs)
             Began as a Ghoul Abyssal Knight on Jan 1, 2019.
             Was a Priest of Lugonu.
             Killed from afar by Dowan (14 damage)
             ... with a shard of ice
             ... on level 5 of the Dungeon.
             The game lasted 00:08:25 (4407 turns).

Borgoz the Skirmisher (Ghoul Abyssal Knight)        Turns: 4407, Time: 00:08:26

Health: 0/68       AC:  5    Str: 16    XL:     8   Next: 0%
Magic:  10/10      EV: 12    Int:  7    God:    Lugonu [***...]
Gold:   155        SH:  0    Dex: 10    Spells: 7/7 levels left

rFire    . . .     SeeInvis .     - Unarmed
rCold    + + .     Gourm    .   (no shield)
rNeg     + + +     Faith    .   e - +0 ring mail
rPois    ∞         Spirit   .   (no helmet)
rElec    .         Reflect  .   (no cloak)
rCorr    .         Harm     .   (no gloves)
MR       +....                  (no boots)
Stlth    ..........             (no amulet)
HPRegen  0.00/turn              f - ring of protection from magic
MPRegen  0.12/turn              k - ring of protection from cold

@: rotting
A: rotting body, claws 1, carnivore, cold resistance 1, negative energy
resistance 3, inhibited regeneration, torment resistance, unbreathing
a: Depart the Abyss, Bend Space, Banish, Renounce Religion


You were on level 5 of the Dungeon.
You worshipped Lugonu.
Lugonu was most pleased with you.
You were not hungry.

You visited 1 branch of the dungeon, and saw 6 of its levels.
You visited the Abyss 1 time.

You collected 155 gold pieces.

Inventory:

Hand Weapons
 t - the +2 mace of Fesm {drain, MR+ Int+3}
   (You found it on level 6 of the Dungeon)

   A truly terrible weapon, it drains the life of those it strikes.
   It affects your intelligence (+3).
   It affects your resistance to hostile enchantments.
Armour
 e - a +0 ring mail (worn)
Jewellery
 f - a ring of protection from magic (left claw)
 k - a ring of protection from cold (right claw)
 m - an uncursed ring of magical power
Scrolls
 a - 2 scrolls of fog
 c - a scroll of fear {unknown}
 g - 4 scrolls of teleportation {unknown}
 i - 3 scrolls of remove curse
 l - 3 scrolls of magic mapping
 q - a scroll of amnesia {unknown}
 r - a scroll of enchant weapon {unknown}
 v - 2 scrolls of random uselessness {unknown}
Potions
 d - a potion of magic
 o - 2 potions of haste
 p - a potion of cancellation
 s - a potion of curing {unknown}
 u - 2 potions of mutation {unknown}
 w - a potion of flight {unknown}
Comestibles
 b - 4 rations


   Skills:
 + Level 5.3 Fighting
 - Level 0.2 Maces & Flails
 + Level 3.8 Armour
 + Level 3.5 Dodging
 + Level 4.6 Unarmed Combat
 + Level 4.5 Invocations


You had 7 spell levels left.
You didn't know any spells.
Your spell library was empty.

Dungeon Overview and Level Annotations

Branches:
Dungeon (6/15)
 Temple: D:4-7

Altars:
Ashenzari
Elyvilon
Hepliaklqana
Nemelex Xobeh
Sif Muna

Annotations:
D:5 Dowan


Innate Abilities, Weirdness & Mutations

Your body is rotting away.
You thrive on raw meat.
You are immune to poison.
You have sharp fingernails.
You are carnivorous and can eat meat at any time.
Your flesh is cold resistant. (rC+)
You are immune to negative energy. (rN+++)
You do not regenerate when monsters are visible.
You are immune to unholy pain and torment.
You can survive without breathing.


Message History

Duvessa is almost dead.
Duvessa hits you with a +0 short sword.
* * * LOW HITPOINT WARNING * * *
Dowan casts a spell at Duvessa.
Duvessa seems to speed up.
You scratch Duvessa.
You kill Duvessa!
Lugonu accepts your kill.
Dowan's eyes darken. "You have made a black mistake."
Dowan seems to find hidden reserves of power!
You have reached level 8!
Dowan hits you but does no damage.
You claw Dowan!
Dowan is moderately wounded.
Dowan hits you but does no damage.
Dowan gestures wildly while chanting.
Dowan blinks!
Dowan casts a spell at you. The shard of ice hits you! You partially resist.
You die...

........##.# ####.####.....
........##.# #.#.# #.....
#.......##.######.#.####.....
#............................
#.......##.######...........#
#.......##.# #..............#
#.......##.###.##........####
.........#.))...e..########
..###.#.....@.............. .
#.##.#..)....(.######## #.
#.#.[[......# ##
#.##...[.......# ....
...............##.....
#.##.................. #
#...........##.....
.#.##.#.........# ....
.......>........# . .


You could see Dowan.

Vanquished Creatures
  Duvessa (D:5)
  An ice beast (D:4)
  An ogre (D:6)
  A bullfrog (D:6)
  An orc priest (D:4)
  An orc wizard (D:5)
  A bullfrog skeleton (D:4)
  2 iguanas
  6 worker ants
  A hound skeleton (D:4)
  9 adders
  A shadow imp (D:6)
  An ooze (D:2)
  3 worms
  2 leopard geckos
  16 orcs
  6 bats
  5 giant cockroaches
  5 hobgoblins
  A jackal (D:6)
  3 quokkas
  4 frilled lizards
  3 goblins
  8 kobolds
  A leopard gecko skeleton (D:4)
  10 rats
94 creatures vanquished.

Notes
Turn   | Place    | Note
-------+----------+-------------------------------------------
     0 | Abyss:1  | Borgoz the Ghoul Abyssal Knight began the quest for the
                  | Orb.
     0 | Abyss:1  | Reached XP level 1. HP: 19/19 MP: 1/1
   181 | Abyss:2  | Noticed a small abomination
   181 | D:1      | Escaped the Abyss
   225 | D:1      | Reached skill level 1 in Dodging
   252 | D:1      | Reached * piety under Lugonu
   410 | D:1      | Reached XP level 2. HP: 23/26 MP: 2/2
  1023 | D:2      | Found a white marble altar of Elyvilon.
  1032 | D:2      | Reached XP level 3. HP: 30/30 MP: 3/3
  1483 | D:2      | Found a deep blue altar of Sif Muna.
  1727 | D:3      | Reached XP level 4. HP: 36/40 MP: 3/5
  1767 | D:3      | Reached ** piety under Lugonu
  2277 | D:4      | Reached skill level 4 in Fighting
  2277 | D:4      | Reached XP level 5. HP: 45/46 MP: 6/6
  2594 | D:4      | Reached XP level 6. HP: 41/52 MP: 7/7
  2630 | D:4      | Found a hazy altar of Hepliaklqana.
  3034 | D:5      | Entered Level 5 of the Dungeon
  3095 | D:5      | Noticed Duvessa
  3095 | D:5      | Noticed Dowan
  3369 | D:6      | Reached XP level 7. HP: 41/60 MP: 8/8
  3494 | D:6      | Got a scorched mace
  3495 | D:6      | Identified the cursed +2 mace of Fesm {drain, MR+ Int+3}
                  | (You found it on level 6 of the Dungeon)
  3507 | D:6      | Found a sparkling altar of Nemelex Xobeh.
  3527 | D:6      | Found a shattered altar of Ashenzari.
  3537 | D:6      | Reached *** piety under Lugonu
  3537 | D:6      | Reached skill level 5 in Fighting
  4405 | D:5      | Killed Duvessa
  4405 | D:5      | Reached XP level 8. HP: 14/68 MP: 10/10
  4407 | D:5      | Killed from afar by Dowan

Vault maps used:
D:1:      dpeg_arrival_oval, serial_bayou_lagoon_b
D:2:      lemuel_doored_altar, elyvilon_altar_5
D:4:      kennysheep_mini_moat
D:5:      temple_doors_e, first_ration, uniq_duvessa
D:6:      nemelex_xobeh_ov_fountains_minmay, old_standard_altar, basic_altar,
          minmay_stone_trees_small, minmay_checkerbox

Skill      XL: |  1  2  3  4  5  6  7 |
---------------+----------------------+-----
Dodging        | 1 2 3 |  3.5
Armour         | 2 3 |  3.8
Unarmed Combat | 3 4 |  4.6
Fighting       | 4 5 |  5.3
Invocations    | 3 4 |  4.5
Maces & Flails | |  0.2

Action                   |  1- 3 |  4- 6 |  7- 9 || total
-------------------------+-------+-------+-------++-------
Melee: Unarmed           |   148 |   186 |    82 ||   416
       Punch             |     1 |     5 |       ||     6
       Mace              |       |       |    24 ||    24
Invok: Depart the Abyss  |     1 |       |       ||     1
  Use: Scroll            |       |     3 |     6 ||     9
  Eat: Chunk             |     6 |    17 |     6 ||    29
Armor: Leather armour    |     6 |       |       ||     6
       Ring mail         |    52 |    51 |    31 ||   134
Dodge: Dodged            |    81 |    89 |    48 ||   218

Table legend:
 A = Non-vault XP
 B = Vault XP
 C = Vault XP percentage of total XP
 D = Non-vault monster count
 E = Vault monster count
 F = Vault count percentage of total count
                 A         B        C        D         E       F
            +---------+---------+-------+---------+---------+-------
      Total |     896 |     305 |  25.4 |      90 |       4 |   4.3
            +---------+---------+-------+---------+---------+-------
        D:1 |      21 |       0 |   0.0 |      16 |       0 |   0.0
        D:2 |      45 |       0 |   0.0 |      16 |       0 |   0.0
        D:3 |     125 |       0 |   0.0 |      25 |       0 |   0.0
        D:4 |     436 |       0 |   0.0 |      19 |       0 |   0.0
        D:5 |     113 |     147 |  56.5 |       8 |       1 |  11.1
        D:6 |     156 |     158 |  50.3 |       6 |       3 |  33.3
            +---------+---------+-------+---------+---------+-------
